 Dungeon Crawl Stone Soup version 0.29-a0-887-gcbe080d7e0 (webtiles) character file.

Game seed: 8937089319072871255

9 spiderkeys the Conjurer (level 2, -2/17 HPs)
             Began as an Octopode Conjurer on July 21, 2022.
             Slain by a jackal (3 damage)
             ... on level 1 of the Dungeon.
             The game lasted 00:01:08 (277 turns).

spiderkeys the Conjurer (Octopode Conjurer)          Turns: 277, Time: 00:01:08

Health: -2/17      AC:  1    Str:  6    XL:     2   Next: 12%
Magic:  1/5        EV: 13    Int: 20    God:
Gold:   23         SH:  0    Dex: 10    Spells: 4/5 levels left

rFire   . . .      SeeInvis .   a - +0 sling
rCold   . . .      Faith    .   (no shield)
rNeg    . . .      Spirit   .   (helmet restricted)
rPois   .          Reflect  .   (no amulet)
rElec   .          Harm     .   (no ring)
rCorr   .          Rampage  .   (no ring)
Will    .....                   (no ring)
Stlth   +++.......              (no ring)
HPRegen 0.05/turn               (no ring)
MPRegen 0.09/turn               (no ring)
                                (no ring)
                                (no ring)

@: no status effects
A: almost no armour, amphibious, 8 rings, camouflage 1, gelatinous body 1,
(nimble swimmer 1), tentacles
a: no special abilities


You were on level 1 of the Dungeon.
You visited 1 branch of the dungeon, and saw 1 of its levels.

You collected 23 gold pieces.


Innate Abilities, Weirdness & Mutations

You cannot wear most types of armour.
You are amphibious.
You can wear up to eight rings at the same time.
Your skin changes colour to match your surroundings (Stealth+).
Your rubbery body absorbs attacks. (AC +1, EV +1)
((You are camouflaged when in or above water. (Stealth+)))
You have tentacles for arms and can constrict up to eight enemies at once.


   Skills:
 - Level 2.0 Dodging
 - Level 2.6 Stealth
 + Level 2.3 Spellcasting
 + Level 4.2 Conjurations


You had 4 spell levels left.
You knew the following spells:

 Your Spells              Type           Power      Damage    Failure   Level
m - Magic Dart            Conj           76%        1d6       2%          1

Your spell library contained the following spells:

 Spells                   Type           Power      Damage    Failure   Level
 Searing Ray              Conj           38%        2d5       4%          2
 Dazzling Flash           Conj/Hex       20%        N/A       19%         3
 Fulminant Prism          Conj/Hex       5%         3d7       54%         4
 Iskenderun's Mystic Bla  Conj/Tloc      10%        2d4       54%         4

Inventory:

Hand Weapons
 a - a +0 sling (weapon)
   (You found it on level 1 of the Dungeon)
Missiles
 b - 14 stones
Scrolls
 d - a scroll of immolation {unknown}
Potions
 c - a potion of magic

Dungeon Overview and Level Annotations

Branches:
Dungeon (1/15) Zot: 5717

Altars:

.... #..#. ...#
.##h.... ...#
....... ...###.
..h... ....... ###+
#. #.#..###.......
..). #.#.#..#h....♣
.. #.......h@..♣ .
#........(.♣♣ #..#
######'####♣ ♣..
#..........♣ .♣♣.
##.........♣ ..♣
#.........♣_ ♣♣♣.
.. #.........♣8.
....
...)..##........♣..
♣♣♣ .>.. .......
##.......♣♣.♣♣.♣
♣♣...


You could see 2 jackals.


Message History

You kill the jackal!
A jackal comes into view.
You have reached level 2! 😎 HP[+6] MP[-1]
You now have 17 max hp (+6).
Your hp is fully restored (17).
The magic dart hits the jackal.
A jackal comes into view. x2 😎 MP[-1]
You lost 1 mp, and now have 0/5 mp.
You are now empty-tentacled.
a - a +0 sling (weapon)
Fire: a) +0 sling
Press: ? - help, Q - select action, (/) - cycle Shift-Dir - straight line, f/p - jackal
Aim: a jackal (moderately wounded, 40% to hit)
You shoot a sling bullet.
The sling bullet barely misses the jackal.
You hear a bark!
The jackal bites you. 😕 HP[-2]
You take 2 damage, and now have 15/17 hp.
Really attack while wielding your +0 sling? [Y]es or [N]o only, please.
Really attack while wielding your +0 sling?
Okay, then.
Really attack while wielding your +0 sling?
You closely miss the jackal. You grab the jackal. You squeeze the jackal.
You kill the jackal!
The jackal misses you. x2
You closely miss the jackal. Your grab misses the jackal.
Your tentacle-slap misses the jackal.
The jackal closely misses you. The jackal bites you. 😕 HP[-2]
You take 2 damage, and now have 13/17 hp.
You barely miss the jackal. Your grab misses the jackal.
The jackal bites you but does no damage.
The jackal closely misses you. The jackal bites you. 😮 HP[-3]
You take 3 damage, and now have 10/17 hp.
The jackal barks!
You clumsily bash the jackal but do no damage.
Your grab misses the jackal. The jackal misses you. The jackal bites you.
* * * LOW HITPOINT WARNING * * *
😨 HP[-2] MP[+1]
You take 2 damage, and now have 8/17 hp.
Unknown command.
You clumsily bash the jackal but do no damage.
Your grab misses the jackal. The jackal misses you.
The jackal barely misses you.
The jackal bites you but does no damage.
The jackal misses you.
You clumsily bash the jackal but do no damage.
Your grab misses the jackal. Your squeeze misses the jackal.
The jackal completely misses you. The jackal bites you.
* * * LOW HITPOINT WARNING * * *
The jackal barely misses you. The jackal closely misses you. 😨 HP[-1]
You take 1 damage, and now have 7/17 hp.
Unknown command.
You miss the jackal. Your grab misses the jackal.
The jackal misses you. x4 😨 HP[+1]
You closely miss the jackal. Your grab misses the jackal.
You squeeze the jackal. The jackal closely misses you. x2
The jackal completely misses you. The jackal barely misses you.
Casting: Magic Dart (safe; 2% risk of failure)
Confirm with . or Enter, or press ? or * to list all spells.
Aiming: Magic Dart (safe; 2% risk of failure)
Press: ? - help, Shift-Dir - straight line, f - jackal
Aim: a jackal (heavily wounded, 100% to hit)
The magic dart hits the jackal but does no damage.
The jackal closely misses you. The jackal bites you.
* * * LOW HITPOINT WARNING * * *
The jackal misses you. 😨 HP[-1] MP[-1]
You take 1 damage, and now have 7/17 hp.
You lost 1 mp, and now have 0/5 mp.
You barely miss the jackal. You grab the jackal. You squeeze the jackal.
You constrict the jackal, but do no damage.
The jackal bites you.
* * * LOW HITPOINT WARNING * * *
The jackal closely misses you. The jackal barely misses you.
The jackal bites you.
* * * LOW HITPOINT WARNING * * *
The jackal closely misses you. 😨 HP[-2]
You take 2 damage, and now have 5/17 hp.
You clumsily bash the jackal but do no damage.
You constrict the jackal, but do no damage.
The jackal bites you.
* * * LOW HITPOINT WARNING * * *
The jackal barely misses you. The jackal bites you.
* * * LOW HITPOINT WARNING * * *
The jackal barely misses you. 😱 HP[-3]
You take 3 damage, and now have 2/17 hp.
You clumsily bash the jackal but do no damage.
You constrict the jackal. The jackal barely misses you. x2
The jackal bites you.
* * * LOW HITPOINT WARNING * * *
The jackal bites you.
You die...

Action                   || total
-------------------------++-------
Melee: Sling             ||    11
       Tentacles         ||     3
       Constrict         ||     2
 Fire: Sling             ||     2
 Cast: Magic Dart        ||    11
Armor: Skin              ||     2
Dodge: Dodged            ||    28

Levels and vault maps discovered:
D:1:      zaba_arrival_water, layout_basic,
          shapermc_ecumenical_altar_totnotflames, hex_intersection,
          nicolae_figureground_pulse

Notes
Turn   | Place    | Note
-------+----------+-------------------------------------------
     0 | D:1      | spiderkeys the Octopode Conjurer began the quest for the
                  | Orb.
     0 | D:1      | Reached XP level 1. HP: 11/11 MP: 3/3
     0 | D:1      | magus.rc [v1.11.3]
   195 | D:1      | Found a faded altar of an unknown god.
   261 | D:1      | Reached XP level 2. HP: 17/17 MP: 1/5
   276 | D:1      | HP: 4/17 [jackal (1)]
   277 | D:1      | HP: 1/17 [jackal (1)]
   277 | D:1      | Slain by a jackal

Vanquished Creatures
  An endoplasm (D:1)
  2 goblins (D:1)
  2 jackals (D:1)
  2 kobolds (D:1)
7 creatures vanquished.

Table legend:
 A = Non-vault XP
 B = Vault XP
 C = Vault XP percentage of total XP
 D = Non-vault monster count
 E = Vault monster count
 F = Vault count percentage of total count
                 A         B        C        D         E       F
            +---------+---------+-------+---------+---------+-------
      Total |      13 |       0 |   0.0 |       7 |       0 |   0.0
            +---------+---------+-------+---------+---------+-------
        D:1 |      13 |       0 |   0.0 |       7 |       0 |   0.0
            +---------+---------+-------+---------+---------+-------

Illustrated notes

Table legend:
 A = Kills in this place as a percentage of kills in entire the game.
 B = Kills by you in this place as a percentage of kills by you in the entire game.
 C = Kills by friends in this place as a percentage of kills by friends in the entire game.
 D = Other kills in this place as a percentage of other kills in the entire game.
 E = Experience gained in this place as a percentage of experience gained in the entire game.
 F = Experience gained in this place divided by the number of levels of this place that you have seen.
                   A       B       C       D       E      F
               +-------+-------+-------+-------+-------+----------------------
         Total | 100.0 | 100.0 |   N/A |   N/A | 100.0 |  13.0
       Dungeon | 100.0 | 100.0 |   N/A |   N/A | 100.0 |  13.0
               +-------+-------+-------+-------+-------+----------------------

Table legend: (Time is in decaauts)
 A = Elapsed time spent in this place.
 B = Non-inter-level travel time spent in this place.
 C = Inter-level travel time spent in this place.
 D = Time resting spent in this place.
 E = Time spent auto-exploring this place.
 F = Levels seen in this place.
 G = Mean time per level.
                   A        B        C        D        E       F      G
               +--------+--------+--------+--------+--------+-----+--------+
         Total |    281 |    269 |     12 |      0 |    227 |   1 |  281.0 |
       Dungeon |    281 |    269 |     12 |      0 |    227 |   1 |  281.0 |
               +--------+--------+--------+--------+--------+-----+--------+

Top non-repeatable levels by time:
     D:1: 281 daAuts
